 Dungeon Crawl Stone Soup version 0.18.1-48-g4cf74bf (webtiles) character file.

428 Joat the Insei (level 6, -8/56 HPs)
             Began as a Draconian Monk on Aug 25, 2016.
             Killed by nerve-wracking pain
             ... invoked by Menkaure
              (14 damage)
             ... on level 4 of the Dungeon.
             The game lasted 00:15:00 (3364 turns).

Joat the Insei (Draconian Monk)                     Turns: 3364, Time: 00:15:01

Health: -8/56      AC:  7    Str: 11 (13) XL:     6   Next: 65%
Magic:  6/6        EV: 20    Int:  9 (10) God:
Gold:   116        SH:  0    Dex: 20 (21) Spells: 0 memorised, 5 levels left

rFire  . . .     SeeInvis .       - Unarmed
rCold  . . .     Gourm    .     (armour unavailable)
rNeg   . . .     Faith    .     (no shield)
rPois  .         Spirit   .     (helmet restricted)
rElec  .         Dismiss  .     s - +0 cloak
rCorr  .         Reflect  .     (no gloves)
SustAt .         Harm     .     (no boots)
MR     .....                    (no amulet)
Stlth  +++.......               (no ring)
                                (no ring)

@: agile, not resistant to hostile enchantments, fairly stealthy
A: unfitting armour, cold-blooded, AC +6
a: no special abilities


You were on level 4 of the Dungeon.
You were hungry.

You visited 1 branch of the dungeon, and saw 5 of its levels.

You collected 116 gold pieces.

Inventory:

Missiles
 t - 8 silver javelins (quivered)
Armour
 s - a +0 cloak (worn)
Wands
 m - a wand of confusion (29/48)
Scrolls
 b - a scroll of enchant armour {unknown}
 c - a scroll of recharging {unknown}
 d - 2 scrolls of immolation {unknown}
 h - 3 scrolls of remove curse {unknown}
 j - 2 scrolls of random uselessness {unknown}
 k - a scroll of fear {unknown}
 o - a scroll of enchant weapon {unknown}
 p - 4 scrolls of identify {unknown}
 r - a scroll of noise {unknown}
 u - a scroll of fog {unknown}
Potions
 g - 2 potions of flight
 n - a potion of cure mutation
Comestibles
 a - a bread ration
 l - 4 fruits


   Skills:
 + Level 5.5 Fighting
 + Level 4.3 Dodging
 - Level 1.7 Stealth
 + Level 5.8 Unarmed Combat


You had 5 spell levels left.
You didn't know any spells.

Dungeon Overview and Level Annotations

Branches:
Dungeon (5/15)
 Temple: D:4-7

Altars:
Dithmenos
Nemelex Xobeh
Pakellas
Ru
Xom

Annotations:
D:4 Menkaure, Pikel


Innate Abilities, Weirdness & Mutations

Your plain brown scales are hard (AC +6).
Your body does not fit into most forms of armour.
You are cold-blooded and may be slowed by cold attacks.


Message History

The centaur wields a shortbow.
The centaur shoots an arrow.
The arrow hits you.
* * * LOW HITPOINT WARNING * * *
The orc hits you but does no damage.
You climb upwards.
Level annotation: Menkaure, Pikel Menkaure barely misses you.
There is a stone staircase leading down here.
Drink which item? (? for menu, Esc to quit)
You feel agile all of a sudden.
Menkaure is no longer moving quickly.
Menkaure completely misses you. Menkaure closely misses you.
There is a stone staircase leading up here.
You hit the orc. You tail-slap the orc.
You kill the orc!
You are feeling hungry.
Drink which item? (? for menu, Esc to quit)
Okay, then.
Menkaure points at you and mumbles some strange words.
Pain shoots through your body!
You die...

... #..#
#..# #..#
#..# #...
###.########
#...)..@...#
#.#M######.#
#<$....# .
#M##.#.#...
#..>.......
#.#..#..#..
#.#..# .#
#.#..# #
#.#..#


You could see Menkaure.

Vanquished Creatures
  Duvessa (D:4)
  The ghost of ceb the Skirmisher, an amateur MiBe of Trog (D:4)
  Dowan (D:4)
  An orc wizard (D:2)
  A worker ant (D:4)
  Robin (D:3)
  A howler monkey skeleton (D:4)
  3 adders
  An ooze (D:2)
  A worm (D:2)
  A dart slug (D:1)
  A giant gecko (D:1)
  3 orcs
  A ball python (D:2)
  6 giant cockroaches
  13 goblins
  12 hobgoblins
  6 kobolds
  4 quokkas
  6 bats
  2 giant newts
  3 rats
70 creatures vanquished.

Vanquished Creatures (others)
  A deep elf annihilator (D:3)
1 creature vanquished.

Grand Total: 71 creatures vanquished

Notes
Turn   | Place    | Note
--------------------------------------------------------------
     0 | D:1      | Joat the Draconian Monk began the quest for the Orb.
     0 | D:1      | Reached XP level 1. HP: 19/19 MP: 1/1
   354 | D:1      | Reached XP level 2. HP: 26/26 MP: 2/2
   919 | D:2      | Found a sacrificial altar of Ru.
   932 | D:2      | Reached XP level 3. HP: 27/33 MP: 3/3
  1118 | D:2      | Reached XP level 4. HP: 31/40 MP: 4/4
  1752 | D:3      | Found a shadowy altar of Dithmenos.
  1755 | D:3      | Found a shimmering altar of Xom.
  1758 | D:3      | Found a sparkling altar of Nemelex Xobeh.
  2056 | D:3      | Found an oddly glowing altar of Pakellas.
  2057 | D:3      | Noticed a deep elf annihilator
  2066 | D:3      | Killed a deep elf annihilator
  2179 | D:3      | Reached skill level 5 in Unarmed Combat
  2213 | D:3      | Noticed Robin
  2342 | D:3      | Killed Robin
  2342 | D:3      | Reached XP level 5. HP: 42/47 MP: 5/5
  2625 | D:4      | Noticed ceb's ghost (amateur MiBe)
  2935 | D:4      | Killed ceb's ghost
  2935 | D:4      | Reached skill level 5 in Fighting
  2935 | D:4      | Reached XP level 6. HP: 56/56 MP: 6/6
  2957 | D:4      | Noticed Dowan
  2966 | D:4      | Noticed Duvessa
  2968 | D:4      | Killed Dowan
  3007 | D:4      | Killed Duvessa
  3228 | D:4      | Noticed Pikel
  3228 | D:4      | Noticed a slave
  3229 | D:4      | Noticed a slave
  3229 | D:4      | Noticed a slave
  3229 | D:4      | Noticed a slave
  3330 | D:4      | Noticed Menkaure
  3352 | D:5      | Entered Level 5 of the Dungeon
  3364 | D:4      | Killed from afar by Menkaure

Skill      XL: |  1  2  3  4  5  6 |
---------------+-------------------+-----
Fighting       | 4 5 |  5.5
Dodging        | 3 4 |  4.3
Unarmed Combat | 5 |  5.8
Stealth        | |  1.7

Action                   |  1- 3 |  4- 6 || total
-------------------------+-------+-------++-------
Melee: Unarmed           |   107 |   183 ||   290
       Tailslap          |     9 |    27 ||    36
       Punch             |     2 |     2 ||     4
  Use: Potion            |       |     9 ||     9
 Stab: Sleeping          |     2 |     2 ||     4
       Invisible         |     1 |       ||     1
       Paralysed         |     2 |       ||     2
       Distracted        |     1 |       ||     1
  Eat: Chunk             |     1 |     5 ||     6
       Beef jerky        |       |     1 ||     1
Armor: Skin              |    18 |    52 ||    70
Dodge: Dodged            |    70 |   117 ||   187
